 Dungeon Crawl Stone Soup version 0.31-a0-810-ga77100ea1a (webtiles) character file.

Game seed: 1951070224729148296

1990 wildpjah the Ruffian (level 9, -8/67 HPs)
             Began as a Gnoll Shapeshifter on Sept 21, 2023.
             Was an Elder of Uskayaw.
             Mangled by an iguana (11 damage)
             ... on level 6 of the Dungeon on Sept 25, 2023.
             The game lasted 00:10:50 (5197 turns).

wildpjah the Ruffian (Gnoll Shapeshifter)           Turns: 5197, Time: 00:10:51

Health: -8/67      AC:  8    Str: 17    XL:     9   Next: 21%
Magic:  15/15      EV: 11    Int: 10    God:    Uskayaw [****..]
Gold:   190        SH:  0    Dex: 12    Spells: 15/16 levels left

rFire   x .          .
                       - Unarmed
rCold   + . .        (no shield)
rNeg    . . .        i - +1 scale mail {Will+}
rPois   .            (helmet currently unavailable)
rElec   .            (cloak currently unavailable)
rCorr   .            (gloves currently unavailable)
SInv    +            (boots currently unavailable)
Will    +....        (no amulet)
Stlth   +            h - ring of see invisible
HPRegen 0.31/turn    A - ring of ice
MPRegen 0.14/turn

%: no passive effects
@: beast-form
A: beast (slay +4), fangs 1, strong nose, distributed training
a: Begin Untransformation, Renounce Religion, Stomp, Line Pass


You were on level 6 of the Dungeon.
You worshipped Uskayaw.
Uskayaw was noncommittal.
You were a hulking beast.
You visited 2 branches of the dungeon, and saw 7 of its levels.
You also visited: Sewer.

You collected 190 gold pieces.

Inventory:

Missiles
 s - 12 boomerangs (quivered)
Armour
 a - a +0 animal skin
 i - a +1 scale mail of willpower (worn)
Jewellery
 h - a ring of see invisible (left hand)
 A - a ring of ice (right hand)
Talismans
 c - a beast talisman (active)
 d - a flux talisman
Wands
 r - a wand of flame (15)
 C - a wand of iceblast (12)
Scrolls
 e - 3 scrolls of vulnerability {unknown}
 f - 3 scrolls of enchant armour {unknown}
 l - 4 scrolls of noise {unknown}
 m - 2 scrolls of identify {unknown}
 n - 3 scrolls of fog {unknown}
 p - a scroll of teleportation {unknown}
 y - 2 scrolls of immolation {unknown}
 z - a scroll of poison {unknown}
 B - a scroll of blinking {unknown}
Potions
 b - a potion of lignification
 g - 2 potions of enlightenment {unknown}
 j - 5 potions of curing {unknown}
 k - 2 potions of might {unknown}
 o - a potion of berserk rage {unknown}
 q - 2 potions of brilliance {unknown}
 t - 4 potions of degeneration {unknown}
 u - 2 potions of heal wounds {unknown}
 v - a potion of cancellation {unknown}
 w - a potion of haste {unknown}
 x - a potion of mutation {unknown}


   Skills:
 + Level 4.9 Fighting
 + Level 4.1 Short Blades
 + Level 4.1 Long Blades
 + Level 4.1 Axes
 + Level 4.1 Maces & Flails
 + Level 4.1 Polearms
 + Level 4.1 Staves
 + Level 4.1 Ranged Weapons
 + Level 4.1 Throwing
 + Level 4.1 Armour
 + Level 6.2 Dodging
 + Level 4.1 Stealth
 + Level 4.1 Shields
 + Level 7.8 Unarmed Combat
 + Level 4.1 Spellcasting
 + Level 3.3 Conjurations
 + Level 3.3 Hexes
 + Level 3.3 Summonings
 + Level 3.3 Necromancy
 + Level 3.3 Translocations
 + Level 3.3 Transmutations
 + Level 3.3 Fire Magic
 + Level 3.3 Ice Magic
 + Level 3.3 Air Magic
 + Level 3.3 Earth Magic
 + Level 3.3 Poison Magic
 + Level 4.5 Invocations
 + Level 4.1 Evocations
 + Level 7.6 Shapeshifting


You had 15 spell levels left.
You knew the following spells:

 Your Spells              Type           Power      Damage    Failure   Level
a - Necrotise             Necr           32%        1d5       21%         1

Your spell library contained the following spells:

 Spells                   Type           Power      Damage    Failure   Level
 Sublimation of Blood     Necr           8%         N/A       30%         2
 Wereblood                Tmut           8%         N/A       30%         2
 Ignite Poison            Fire/Tmut/Pois 8%         N/A       52%         3
 Inner Flame              Hex/Fire       8%         N/A       52%         3
 Ozocubu's Armour         Ice            13%        N/A       52%         3
 Vampiric Draining        Necr           8%         2d6       52%         3
 Sticky Flame             Conj/Fire      8%         2d3       90%         4
 Agony                    Necr           8%         N/A       99%         5
 Metabolic Englaciation   Hex/Ice        6%         N/A       99%         5
 Yara's Violent Unravell  Hex/Tmut       4%         3d4       99%         5
 Simulacrum               Ice/Necr       6%         N/A       100%        6
 Enfeeble                 Hex            4%         N/A       100%        7
 Summon Hydra             Summ           4%         N/A       100%        7
 Ignition                 Fire           4%         3d4       100%        8


Dungeon Overview and Level Annotations

Branches:
Dungeon (6/15)             Temple (1/1) D:5           Sewer (visited)

Altars:
Ashenzari
Cheibriados
Dithmenos
Fedhas
Gozag
Hepliaklqana
Kikubaaqudgha
Makhleb
Nemelex Xobeh
Okawaru
Ru
Sif Muna
Trog
Uskayaw
Vehumet
Xom
Yredelemnul
The Shining One

Shops:
D:4 *


Innate Abilities, Weirdness & Mutations

You are a hulking beast.
Your limbs bulge with bestial killing power. (Slay +4)
You have very sharp teeth.
Your uncanny sense of smell can sniff out nearby items.
Your experience applies equally to all skills.


Message History

Uskayaw prepares the audience for your solo!
The helpless Duvessa fails to defend herself.
You punch Duvessa! You punch Duvessa.
Duvessa is almost dead.
The helpless Duvessa fails to defend herself.
You punch Duvessa!
You kill Duvessa!
The iguana is no longer paralysed.
The orc priest is no longer paralysed. x2
The orc wizard is no longer paralysed. x2
The orc wizard gestures at you while chanting.
The puff of flame hits you! The fire burns you terribly!
* * * LOW HITPOINT WARNING * * *
The orc priest closely misses you.
The orc wizard hits you but does no damage.
The orc priest hits you but does no damage.
You closely miss the iguana. The orc wizard casts a spell at you.
The magic dart hits you but does no damage.
The orc priest invokes the aid of Beogh against you.
Pain shoots through your body!
* * * LOW HITPOINT WARNING * * *
The orc wizard misses you.
The orc priest hits you with a +0 short sword.
* * * LOW HITPOINT WARNING * * *
The iguana barely misses you.
You punch the orc priest!
The orc priest is severely wounded.
The orc wizard barely misses you.
The orc priest looks encouraged for a moment.
The orc wizard hits you but does no damage.
The orc priest barely misses you. The iguana completely misses you.
Uskayaw will force your foes to share their pain.
Uskayaw links your audience in an emotional bond!
You hit the orc priest.
You kill the orc priest!
The orc wizard barely misses you. x2
The orc priest calls upon Beogh to heal the orc wizard.
The orc wizard's wounds heal themselves!
The iguana bites you!
You die...

...........'.......#.#..
..........##....#..#.#.#
..........##....#..#.#.#
.....(....#####......#.#
..........# #.##...#.#
..........## #.##.....#
...........# #.##......
......o....# #. ###.#..
.###..oh...# #.#..
#..ol)..# #.###
.........### #.#
.........# .........#
.........# .........#
.........#


You could see an iguana (pain bonded), an orc priest (pain bonded) and 2 orc
wizards.

Vanquished Creatures
  Sigmund (D:2)
  Duvessa (D:6)
  An ice beast (D:5)
  A black bear (D:6)
  An ogre (D:5)
  A phantom (D:5)
  Blork the orc (D:4)
  4 kobold brigands (Sewer)
  3 scorpions
  Dowan (D:6)
  4 hounds
  2 jellies
  3 orc priests
  2 sleepcaps (D:5)
  2 iguanas (D:5)
  Natasha (thrice) (D:4)
  Terence (D:2)
  3 orc wizards
  Ijyb (D:5)
  8 adders
  7 gnolls
  A shadow imp (D:5)
  A worm (D:2)
  A dart slug (D:4)
  18 orcs
  9 endoplasms
  6 giant cockroaches
  5 hobgoblins
  3 jackals (D:1)
  6 quokkas
  8 ball pythons
  8 bats
  5 frilled lizards
  7 goblins
  14 kobolds
  5 rats
148 creatures vanquished.

Notes
Turn   | Place    | Note
-------+----------+-------------------------------------------
     0 | D:1      | wildpjah the Gnoll Shapeshifter began the quest for the
                  | Orb.
     0 | D:1      | Reached XP level 1. HP: 17/17 MP: 1/1
    85 | D:1      | Found a faded altar of an unknown god.
   134 | D:1      | Reached XP level 2. HP: 23/23 MP: 2/2
   491 | D:2      | Identified the +0 robe "Jocvask" {Dex+3}
   509 | D:2      | Noticed Terence
   516 | D:2      | Killed Terence
   517 | D:2      | Reached skill level 1 in Invocations
   517 | D:2      | Reached XP level 3. HP: 12/28 MP: 2/4
   665 | D:2      | Reached skill level 1 in Short Blades
   665 | D:2      | Reached skill level 1 in Long Blades
   665 | D:2      | Reached skill level 1 in Axes
   665 | D:2      | Reached skill level 1 in Maces & Flails
   665 | D:2      | Reached skill level 1 in Polearms
   665 | D:2      | Reached skill level 1 in Staves
   665 | D:2      | Reached skill level 1 in Ranged Weapons
   665 | D:2      | Reached skill level 1 in Throwing
   665 | D:2      | Reached skill level 1 in Armour
   665 | D:2      | Reached skill level 1 in Stealth
   665 | D:2      | Reached skill level 1 in Shields
   665 | D:2      | Reached skill level 1 in Spellcasting
   665 | D:2      | Reached skill level 1 in Evocations
   757 | D:2      | Reached XP level 4. HP: 34/34 MP: 5/5
  1028 | D:2      | Noticed Sigmund
  1044 | D:2      | Killed Sigmund
  1045 | D:2      | Reached skill level 1 in Conjurations
  1045 | D:2      | Reached skill level 1 in Hexes
  1045 | D:2      | Reached skill level 1 in Summonings
  1045 | D:2      | Reached skill level 1 in Necromancy
  1045 | D:2      | Reached skill level 1 in Translocations
  1045 | D:2      | Reached skill level 1 in Transmutations
  1045 | D:2      | Reached skill level 1 in Fire Magic
  1045 | D:2      | Reached skill level 1 in Ice Magic
  1045 | D:2      | Reached skill level 1 in Air Magic
  1045 | D:2      | Reached skill level 1 in Earth Magic
  1045 | D:2      | Reached skill level 1 in Poison Magic
  1045 | D:2      | Reached XP level 5. HP: 11/41 MP: 5/7
  1045 | D:2      | Reached XP level 6. HP: 13/47 MP: 5/8
  1412 | D:3      | Found a glowing drain.
  1431 | Sewer    | Entered a sewer
  1460 | Sewer    | Reached skill level 5 in Dodging
  1762 | Sewer    | Reached XP level 7. HP: 38/52 MP: 10/10
  3136 | D:4      | Noticed Natasha
  3141 | D:4      | Killed Natasha
  3170 | D:4      | Found a sparkling altar of Nemelex Xobeh.
  3211 | D:4      | Reached XP level 8. HP: 56/60 MP: 12/12
  3230 | D:4      | Noticed Natasha
  3235 | D:4      | Killed Natasha
  3257 | D:4      | Learned a level 1 spell: Necrotise
  3451 | D:4      | Found Qathrali's General Store.
  3527 | D:4      | Noticed Blork the orc
  3533 | D:4      | Killed Blork the orc
  3551 | D:4      | Noticed Natasha
  3557 | D:4      | Killed Natasha
  3863 | D:5      | Entered Level 5 of the Dungeon
  4046 | D:5      | Found a staircase to the Ecumenical Temple.
  4151 | D:5      | Noticed Ijyb
  4164 | D:5      | Killed Ijyb
  4193 | Temple   | Entered the Ecumenical Temple
  4247 | Temple   | Became a worshipper of Uskayaw the Reveller
  4277 | D:5      | Reached * piety under Uskayaw
  4450 | D:5      | Reached ** piety under Uskayaw
  4577 | D:5      | Reached *** piety under Uskayaw
  4621 | D:5      | Reached XP level 9. HP: 66/66 MP: 14/14
  4884 | D:5      | Found a hazy altar of Hepliaklqana.
  5182 | D:6      | Noticed Dowan
  5183 | D:6      | Noticed Duvessa
  5189 | D:6      | Killed Dowan
  5194 | D:6      | Killed Duvessa
  5195 | D:6      | HP: 2/67 [orc priest/+0 short sword (2)]
  5196 | D:6      | Reached **** piety under Uskayaw
  5197 | D:6      | Mangled by an iguana

Illustrated notes

Levels and vault maps discovered:
D:1:      scummos_arrival_simple_fountains, layout_basic,
          ebering_ecumenical_altar_box
D:2:      wad_river_or_something, layout_rooms, minmay_misc_feat_diagonals,
          minmay_pentomino_pile, uniq_terence, uniq_sigmund
D:3:      layout_loops_cross, portal_sewer_entry_f
D:4:      layout_basic, general_overflow_altar, serial_shops,
          nicolae_shop_tiny_waterfront, minmay_misc_feat_cross, st_stairs_9,
          minmay_liquid_box, uniq_natasha, uniq_blork_the_orc
D:5:      layout_cave_pods, nicolae_hepliaklqana_hippocampus,
          minmay_temple_entry_statues_fountains, uniq_ijyb
D:6:      layout_basic, nicolae_overflow_squiral, uniq_duvessa
Temple:   eino_temple_scatter_basement

Skill      XL: |  1  2  3  4  5  6  7  8  9 |
---------------+----------------------------+-----
Invocations    | 1 2 3 4 |  4.5
Short Blades   | 1 2 3 4 |  4.1
Long Blades    | 1 2 3 4 |  4.1
Axes           | 1 2 3 4 |  4.1
Maces & Flails | 1 2 3 4 |  4.1
Polearms       | 1 2 3 4 |  4.1
Staves         | 1 2 3 4 |  4.1
Ranged Weapons | 1 2 3 4 |  4.1
Throwing       | 1 2 3 4 |  4.1
Armour         | 1 2 3 4 |  4.1
Stealth        | 1 2 3 4 |  4.1
Shields        | 1 2 3 4 |  4.1
Spellcasting   | 1 2 3 4 |  4.1
Evocations     | 1 2 3 4 |  4.1
Fighting       | 3 4 |  4.9
Conjurations   | 1 2 3 |  3.3
Hexes          | 1 2 3 |  3.3
Summonings     | 1 2 3 |  3.3
Necromancy     | 1 2 3 |  3.3
Translocations | 1 2 3 |  3.3
Transmutations | 1 2 3 |  3.3
Fire Magic     | 1 2 3 |  3.3
Ice Magic      | 1 2 3 |  3.3
Air Magic      | 1 2 3 |  3.3
Earth Magic    | 1 2 3 |  3.3
Poison Magic   | 1 2 3 |  3.3
Dodging        | 5 6 |  6.2
Unarmed Combat | 7 |  7.8
Shapeshifting  | 7 |  7.6

Action                     |  1- 3 |  4- 6 |  7- 9 || total
---------------------------+-------+-------+-------++-------
  Melee: Unarmed           |    53 |    92 |   257 ||   402
         Bite              |     5 |     8 |    27 ||    40
         Punch             |     2 |     2 |    19 ||    23
  Throw: Boomerang         |       |       |     2 ||     2
Ability: Begin Untransform |       |     1 |       ||     1
    Use: Potion            |       |       |     1 ||     1
   Stab: Sleeping          |     1 |       |       ||     1
         Paralysed         |       |       |     3 ||     3
 Armour: Animal skin       |     4 |       |       ||     4
         Robe              |    16 |       |       ||    16
         Scale mail        |     8 |    68 |   232 ||   308
  Dodge: Dodged            |    38 |    57 |   167 ||   262
   Form: Flux              |       |     1 |       ||     1
         Beast             |       |     1 |       ||     1

Table legend: (Time is in decaauts)
 A = Elapsed time spent in this place.
 B = Non-inter-level travel time spent in this place.
 C = Inter-level travel time spent in this place.
 D = Time resting spent in this place.
 E = Time spent auto-exploring this place.
 F = Levels seen in this place.
 G = Mean time per level.
                   A        B        C        D        E       F      G
               +--------+--------+--------+--------+--------+-----+--------+
         Total |   5177 |   5011 |    166 |      0 |   4177 |   8 |  647.1 |
       Dungeon |   4595 |   4453 |    142 |      0 |   3738 |   6 |  765.8 |
        Temple |     68 |     44 |     24 |      0 |     41 |   1 |   68.0 |
         Sewer |    513 |    513 |      0 |      0 |    398 |   1 |  513.0 |
               +--------+--------+--------+--------+--------+-----+--------+

Top non-repeatable levels by time:
     D:5: 1170 daAuts
     D:4: 1017 daAuts
     D:3: 926 daAuts
     D:2: 923 daAuts
   Sewer: 513 daAuts
     D:1: 480 daAuts
     D:6: 78 daAuts
  Temple: 68 daAuts
